 Dungeon Crawl Stone Soup version 0.26.1-11-gd32895ea62 (webtiles) character file.

Game seed: 9695100345703757486

11722 nomophobia the Cleaver (level 11, -2/89 HPs)
             Began as a Demonspawn Berserker on May 20, 2021.
             Was a High Priest of Trog.
             Slain by a skeletal warrior
             ... wielding a +2 trident of distortion
             ... led by a skeletal warrior
              (24 damage)
             ... on level 14 of the Dungeon.
             The game lasted 01:35:45 (11695 turns).

nomophobia the Cleaver (Demonspawn Berserker)      Turns: 11695, Time: 01:35:46

Health: -2/89      AC:  9    Str: 20    XL:     11   Next: 53%
Magic:  3/3        EV: 15    Int:  9    God:    Trog [*****.]
Gold:   616        SH:  0    Dex: 13    Spells: 10/10 levels left

rFire    + . .     SeeInvis .   b - +4 broad axe (antimagic)
rCold    . . .     Faith    .   (no shield)
rNeg     . . .     Spirit   .   x - +0 troll leather armour
rPois    .         Reflect  .   (helmet restricted)
rElec    .         Harm     .   p - +1 cloak
rCorr    +         Rampage  .   s - +0 pair of gloves
Will     .....                  (no boots)
Stlth    +.........             F - amulet of regeneration
HPRegen  1.04/turn              h - ring of protection from fire
MPRegen  0.08/turn              E - ring of resist corrosion

@: berserk cooldown, slowed, very slow
A: antennae 2, powered by death 1, spiny 2, sturdy frame 2
a: Renounce Religion, Berserk, Trog's Hand, Brothers in Arms


You were on level 14 of the Dungeon.
You worshipped Trog.
Trog was extremely pleased with you.
You visited 1 branch of the dungeon, and saw 15 of its levels.

You collected 616 gold pieces.

Inventory:

Hand Weapons
 a - a +0 hand axe
 b - a +4 antimagic broad axe (weapon)
Armour
 p - a +1 cloak (worn)
 s - a +0 pair of gloves (worn)
 x - a +0 troll leather armour (worn)
Jewellery
 h - a ring of protection from fire (left hand)
 B - an uncursed ring of positive energy
 D - an uncursed amulet of the acrobat
 E - a ring of resist corrosion (right hand)
 F - an amulet of regeneration (around neck)
Scrolls
 f - 3 scrolls of fog {unknown}
 g - 6 scrolls of teleportation
 j - 3 scrolls of enchant armour
 k - 2 scrolls of remove curse
 n - a scroll of brand weapon {unknown}
 v - 2 scrolls of blinking {unknown}
 A - 2 scrolls of magic mapping {unknown}
 C - a scroll of fear
Potions
 c - 2 potions of lignification
 d - a potion of mutation {unknown}
 e - 2 potions of invisibility
 i - 5 potions of heal wounds
 l - 2 potions of cancellation
 m - 3 potions of ambrosia
 o - a potion of might
 q - 3 potions of magic {unknown}
 r - 3 potions of haste
 t - 2 potions of brilliance {unknown}
 u - a potion of attraction {unknown}
 w - 5 potions of curing {unknown}
 z - 2 potions of flight {unknown}
Miscellaneous
 y - a phantom mirror


   Skills:
 + Level 9.5 Fighting
 * Level 11.3 Axes
 + Level 8.4 Armour
 - Level 6.0 Dodging


You had 10 spell levels left.
You didn't know any spells.
Your spell library was empty.

Dungeon Overview and Level Annotations

Branches:
Dungeon (15/15)            Temple (0/1) D:5            Lair (0/6) D:11
    Orc (0/2) D:10
 Vaults: D:13-14     Depths: D:15

Altars:
Cheibriados
Elyvilon
Fedhas
Gozag
Hepliaklqana
Qazlal
Ru
Sif Muna
Trog
Vehumet
Xom
Yredelemnul
Zin
Beogh

Shops:
D:6 !

Portals:
Trove: D:14 (give +4 fire dragon scales)

Annotations:
D:5 Dowan, Duvessa
D:8 exclusion: oklob plant


Innate Abilities, Weirdness & Mutations

You have a pair of antennae on your head.
You regenerate a little health from kills.
You are mostly covered in sharp spines.
Your movements are less encumbered by armour. (ER -4)


Message History

You feel a strong urge to attack something.
You are no longer berserk.
You are exhausted.
You feel yourself slow down.
The skeletal warrior hits you from afar with a +2 trident of distortion.
Space bends around you. The skeletal warrior barely misses you.
The skeletal warrior hits you from afar with a +2 trident of distortion!!
The skeletal warrior hits you but does no damage.
Space warps horribly around you!!
* * * LOW HITPOINT WARNING * * *
The skeletal warrior barely misses you.
The skeletal warrior closely misses you.
The skeletal warrior hits you but does no damage.
Space warps horribly around you!
* * * LOW HITPOINT WARNING * * *
The skeletal warrior misses you.
There is a stone staircase leading up here.
The skeletal warrior hits you from afar with a +2 trident of distortion!!
You die...

#.# #.# #.# #.#######
#.# #.# #.# #.......#
#.# #.# #.# #######.#
#†# #.######.# #.# ##
#.#### #........# #.#
.#####....# ##########
#.# ........#.# #..
...##.....##############
#.#
.......###....z.@.......
#.#
...#......)#######.####.
#.# ..##...#.#.### # #..
[............# ####
#####..#.#...# #....
.§...........# #.###
#####.##.##..# # #.##.#
..# # #.##.# ..# #


You could see a skeletal warrior.

Vanquished Creatures
  A boulder beetle (D:12)
  A centaur warrior (D:14)
  A tengu warrior (D:14)
  A skeletal warrior (D:14)
  2 unseen horrors
  2 manticores
  3 trolls
  Prince Ribbit (D:9)
  A hornet (D:10)
  A shadow (D:11)
  5 yaks
  Menkaure (D:4)
  A soldier ant (D:14)
  3 orc warriors
  2 ice beasts (D:10)
  3 phantoms
  A sky beast (D:8)
  4 ogres
  7 centaurs
  2 big kobolds
  9 bullfrogs
  3 scorpions
  10 wights
  3 howler monkeys
  2 centaur zombies
  A bullfrog zombie (D:9)
  2 bullfrog skeletons
  10 orc priests
  2 centaur skeletons (D:4)
  6 hounds
  3 jellies
  12 orc wizards
  5 iguanas
  4 worker ants
  A hound zombie (D:7)
  A worker ant zombie (D:7)
  14 adders
  A white imp (D:6)
  2 ufetubi
  An ooze (D:4)
  An adder zombie (D:10)
  4 worms
  2 dart slugs (D:1)
  5 leopard geckos
  32 orcs
  10 bats
  3 giant cockroaches
  8 goblins
  4 hobgoblins (D:1)
  10 jackals
  A quokka (D:9)
  A ball python (D:3)
  6 frilled lizards
  A jackal skeleton (D:5)
  13 kobolds
  A leopard gecko skeleton (D:8)
  10 rats
  3 bushes (D:8)
  3 toadstools (D:1)
253 creatures vanquished.

Vanquished Creatures (collateral kills)
  An ugly thing (D:12)
  A kobold demonologist (D:12)
  A centaur (D:10)
  A big kobold (D:10)
  A bullfrog (D:7)
  A scorpion (D:10)
  A wight (D:10)
  2 orc wizards
  2 worker ants
  An orc (D:7)
  3 kobolds (D:10)
  A quokka (D:10)
16 creatures vanquished.

Vanquished Creatures (others)
  16 plants (D:8)
  A toadstool (D:1)
17 creatures vanquished.

Grand Total: 286 creatures vanquished

Notes
Turn   | Place    | Note
-------+----------+-------------------------------------------
     0 | D:1      | nomophobia the Demonspawn Berserker began the quest for the
                  | Orb.
     0 | D:1      | Reached XP level 1. HP: 18/18 MP: 1/1
   378 | D:1      | Gained mutation: You are partially covered in sharp spines.
                  | [demonic ancestry]
   378 | D:1      | Reached XP level 2. HP: 24/24 MP: 2/2
  1304 | D:1      | Gained mutation: Your movements are slightly less
                  | encumbered by armour. (ER -2) [demonic ancestry]
  1304 | D:1      | Reached XP level 3. HP: 29/29 MP: 3/3
  1381 | D:2      | Reached skill level 3 in Axes
  1385 | D:2      | Reached ** piety under Trog
  1641 | D:2      | Gained mutation: You regenerate a little health from kills.
                  | [demonic ancestry]
  1641 | D:2      | Reached XP level 4. HP: 28/35 MP: 4/4
  2023 | D:3      | Reached XP level 5. HP: 31/41 MP: 5/5
  2924 | D:3      | Found a shimmering blue altar of Sif Muna.
  3185 | D:4      | Reached *** piety under Trog
  3190 | D:4      | Gained mutation: You have a pair of small antennae on your
                  | head. [demonic ancestry]
  3190 | D:4      | Reached XP level 6. HP: 48/48 MP: 6/6
  3217 | D:4      | Noticed Menkaure
  3225 | D:4      | Killed Menkaure
  3239 | D:4      | Reached skill level 4 in Axes
  3241 | D:4      | Gained mutation: You have a pair of antennae on your head.
                  | [demonic ancestry]
  3241 | D:4      | Reached XP level 7. HP: 55/55 MP: 7/7
  3248 | D:5      | Entered Level 5 of the Dungeon
  3290 | D:4      | Reached skill level 5 in Dodging
  3824 | D:5      | Found a radiant altar of Vehumet.
  3846 | D:5      | Noticed Dowan
  3847 | D:5      | Noticed Duvessa
  3848 | D:5      | Found a staircase to the Ecumenical Temple.
  3891 | D:5      | Found a shimmering altar of Xom.
  4177 | D:5      | Reached skill level 5 in Fighting
  4204 | D:5      | Found a snail-covered altar of Cheibriados.
  4713 | D:5      | Gained mutation: You are mostly covered in sharp spines.
                  | [demonic ancestry]
  4713 | D:5      | Reached XP level 8. HP: 23/62 MP: 2/8
  5005 | D:5      | Found a glowing silver altar of Zin.
  5005 | D:5      | Found a sacrificial altar of Ru.
  5215 | D:6      | Reached skill level 5 in Axes
  5240 | D:6      | Reached **** piety under Trog
  5492 | D:6      | Found a basalt altar of Yredelemnul.
  6006 | D:6      | Found Fyol's Distillery.
  6117 | D:7      | Found a stormy altar of Qazlal.
  6120 | D:7      | Reached skill level 6 in Axes
  6200 | D:7      | Found a shimmering altar of Xom.
  6201 | D:7      | Found a hazy altar of Hepliaklqana.
  6204 | D:7      | Noticed a spectral ugly thing
  6204 | D:7      | Noticed a hell beast
  6245 | D:7      | Reached skill level 5 in Armour
  6296 | D:7      | Reached XP level 9. HP: 69/69 MP: 3/9
  6785 | D:8      | Reached skill level 7 in Axes
  6973 | D:8      | Found a blossoming altar of Fedhas.
  7048 | D:8      | Noticed an oklob plant
  7388 | D:8      | Found a white marble altar of Elyvilon.
  7611 | D:9      | Noticed a troll
  7619 | D:9      | Killed a troll
  7620 | D:9      | Reached skill level 8 in Axes
  7673 | D:9      | Reached ***** piety under Trog
  7772 | D:9      | Found an opulent altar of Gozag.
  8014 | D:9      | Noticed Prince Ribbit
  8021 | D:9      | Killed Prince Ribbit
  8100 | D:9      | Reached XP level 10. HP: 78/79 MP: 3/10
  8491 | D:10     | Entered Level 10 of the Dungeon
  8586 | D:10     | Killed an unseen horror
  8587 | D:10     | Reached skill level 9 in Axes
  8939 | D:10     | Found a bloodstained altar of Trog.
  9085 | D:10     | Found a staircase to the Orcish Mines.
  9133 | D:10     | Found a roughly hewn altar of Beogh.
  9533 | D:11     | Killed an unseen horror
  9534 | D:11     | Reached skill level 10 in Axes
  9856 | D:11     | Found a staircase to the Lair.
 10171 | D:12     | Noticed a red ugly thing
 10174 | D:12     | Killed a red ugly thing
 10201 | D:12     | Found an opulent altar of Gozag.
 10708 | D:12     | Gained mutation: Your movements are less encumbered by
                  | armour. (ER -4) [demonic ancestry]
 10708 | D:12     | Reached XP level 11. HP: 81/87 MP: 3/11
 10748 | D:12     | Noticed a boulder beetle
 10775 | D:12     | Killed a boulder beetle
 11163 | D:13     | Noticed a cyan ugly thing
 11163 | D:13     | You fall into a shaft and drop 2 floors!
 11163 | D:15     | Entered Level 15 of the Dungeon
 11274 | D:14     | Noticed a centaur warrior
 11311 | D:14     | Killed a centaur warrior
 11421 | D:14     | Reached skill level 11 in Axes
 11467 | D:14     | Found a portal to a secret trove of treasure.
 11565 | D:14     | Noticed a tengu warrior
 11581 | D:14     | Killed a tengu warrior
 11653 | D:14     | Noticed a skeletal warrior
 11653 | D:14     | Noticed a skeletal warrior
 11670 | D:14     | Killed a skeletal warrior
 11695 | D:14     | Slain by a skeletal warrior

Illustrated notes

Levels and vault maps discovered:
D:1:      ldierk_water_garden, layout_basic
D:2:      layout_rooms
D:3:      layout_basic, lemuel_blue_sif_altar, lightli_sewer_entry_pipes
D:4:      layout_cave_pools, uniq_menkaure
D:5:      layout_loops_corners, lemuel_round_altar,
          gammafunk_temple_overflow_wave, nicolae_overflow_crystal_walls,
          temple_doors_e, basic_altar, uniq_duvessa
D:6:      layout_gridville, general_overflow_altar, serial_shops, shop,
          grunt_ministairs_7
D:7:      layout_cave_pools, regret_index_temple_of_mockery,
          nicolae_qazlal_general_emergency
D:8:      layout_cave_pools, tgw_fedhas, marbit_many_paths,
          kennysheep_little_box
D:9:      layout_loops_corners, overflow_temple_1_default, st_stairs_3,
          minmay_strange_pillars, uniq_prince_ribbit1
D:10:     layout_long_grid, minmay_orc_entry_temple_small, trog_book
D:11:     layout_cave_pools, lair_entry_dummy, patterned_corridor
D:12:     layout_stronghold, basic_altar, chequers_mini_garden
D:13:     layout_long_grid, skrybe_vaults_entry_preservation
D:14:     layout_loops_ring, enter_trove_3, chequers_serial_rivers_micro_c,
          nrook_guardian_serpent_double
D:15:     hangedman_depths_entry_civil_slaughter, layout_loops_ring,
          ebering_dispersal_statue_hall, minivault_23

Skill      XL: |  1  2  3  4  5  6  7  8  9 10 11 |
---------------+----------------------------------+-----
Dodging        | 2 3 4 5 6 |  6.0
Armour         | 2 3 4 5 6 7 8 |  8.4
Axes           | 3 4 6 8 10 11 | 11.3
Fighting       | 4 5 6 7 8 9 |  9.5

Action                   |  1- 3 |  4- 6 |  7- 9 | 10-12 || total
-------------------------+-------+-------+-------+-------++-------
Melee: Hand axe          |    85 |    90 |    47 |       ||   222
       Broad axe         |       |       |   250 |   187 ||   437
Invok: Berserk           |     1 |     3 |     4 |     6 ||    14
       Brothers in Arms  |       |       |     2 |     3 ||     5
  Use: Scroll            |     4 |       |    16 |     6 ||    26
 Stab: Sleeping          |     1 |       |       |       ||     1
Armor: Animal skin       |    10 |       |       |       ||    10
       Ring mail         |    22 |    18 |    58 |       ||    98
       Troll leather arm |       |       |     7 |    55 ||    62
Dodge: Dodged            |    61 |    56 |   148 |   166 ||   431
